| TOP OF THE 1ST |
|
Augusta GreenJackets batting - Pitching for Peoria Chiefs : LHP Dan Poirier
|
|
Pitching: LHP Dan Poirier
|
|
|
Batting: RHB Armando Ramirez
|
0-0: Swinging Strike 0-1: Ball 1-1: Foul Ball, location: 2F 1-2: Ground out U3 (Groundball, 3S, EV 73.8 MPH)
|
|
Batting: RHB Ryan Roberts
|
0-0: Ball 1-0: Ball 2-0: Foul Ball, location: 2F 2-1: Swinging Strike 2-2: Ball 3-2: Strikes out swinging
|
|
Batting: RHB Zach Maguire
|
0-0: Ball 1-0: Ball 2-0: Called Strike 2-1: Foul Ball, location: 2F 2-2: Ball 3-2: Strikes out swinging
|
| Top of the 1st over - 0 runs, 0 hits, 0 errors, 0 left on base; Augusta 0 - Peoria 0 |
| BOTTOM OF THE 1ST |
|
Peoria Chiefs batting - Pitching for Augusta GreenJackets : RHP Carlos Solis
|
|
Pitching: RHP Carlos Solis
|
|
|
Batting: RHB Ricky Yerzy
|
0-0: Ball 1-0: Ball 2-0: Called Strike 2-1: Ball 3-1: Base on Balls
|
|
Batting: LHB Jorge Zarazua
|
0-0: Ball 1-0: Ball 2-0: Called Strike Ricky Yerzy steals 2nd, throwing error, E2 Ricky Yerzy to third 2-1: Ball 3-1: Swinging Strike 3-2: 2-RUN HOME RUN (Flyball, 9LD, EV 93.8 MPH), Distance : 329 ft
|
|
Batting: SHB Gerardo Macias
|
0-0: Ball 1-0: Ball 2-0: Ball 3-0: Base on Balls
|
|
Batting: RHB Chris Norris
|
0-0: Ball 1-0: Ball 2-0: Ball 3-0: Base on Balls Gerardo Macias to second
|
|
Batting: RHB Edgar Landim
|
0-0: Ball 1-0: Ball Gerardo Macias steals 3rd base Pickoff Throw to First - Out! 1-3 2-0: Fly out, F7 (Line Drive, 78M, EV 89.4 MPH)
|
|
Batting: RHB Kyle Burns
|
0-0: Foul Ball, location: 2F 0-1: Ball 1-1: Ground out 4-3 (Groundball, 4, EV 83.8 MPH)
|
| Bottom of the 1st over - 2 runs, 1 hit, 1 error, 1 left on base; Augusta 0 - Peoria 2 |
| TOP OF THE 2ND |
|
Augusta GreenJackets batting - Pitching for Peoria Chiefs : LHP Dan Poirier
|
|
Batting: RHB Tony Harper
|
0-0: Called Strike 0-1: Ball 1-1: Foul Ball, location: 2F 1-2: Fly out, F9 (Flyball, 89S, EV 78.8 MPH)
|
|
Batting: LHB Chris West
|
0-0: Ball 1-0: Foul Ball, location: 2F 1-1: Fly out, F7 (Flyball, 7LM, EV 98.1 MPH)
|
|
Batting: RHB Harry Dickson
|
0-0: Called Strike 0-1: Ball 1-1: Ball 2-1: Swinging Strike 2-2: Foul Ball, location: 2F 2-2: Fly out, F4 (Line Drive, 4M, EV 70.6 MPH)
|
| Top of the 2nd over - 0 runs, 0 hits, 0 errors, 0 left on base; Augusta 0 - Peoria 2 |
| BOTTOM OF THE 2ND |
|
Peoria Chiefs batting - Pitching for Augusta GreenJackets : RHP Carlos Solis
|
|
Batting: RHB Mario Mendoza
|
0-0: Ground out 6-3 (Groundball, 56, EV 87.5 MPH)
|
|
Batting: RHB Ben Politi
|
0-0: SOLO HOME RUN (Flyball, 89XD, EV 105.0 MPH), Distance : 430 ft
|
|
Batting: SHB Hank Arias
|
0-0: Fly out, F9 (Flyball, 9D, EV 93.8 MPH)
|
|
Batting: RHB Ricky Yerzy
|
0-0: Called Strike 0-1: Ball 1-1: SOLO HOME RUN (Flyball, 78XD, EV 105.6 MPH), Distance : 398 ft
|
|
Batting: LHB Jorge Zarazua
|
0-0: Foul Ball, location: 2F 0-1: SINGLE (Line Drive, 9S, EV 88.1 MPH)
|
|
Batting: SHB Gerardo Macias
|
Pickoff Throw to First - Out! 1-3
|
| Bottom of the 2nd over - 2 runs, 3 hits, 0 errors, 0 left on base; Augusta 0 - Peoria 4 |
| TOP OF THE 3RD |
|
Augusta GreenJackets batting - Pitching for Peoria Chiefs : LHP Dan Poirier
|
|
Batting: RHB Jaime Rios
|
0-0: Ball 1-0: Called Strike 1-1: SINGLE (Groundball, 6MD, EV 101.2 MPH)
|
|
Batting: RHB Tsugio Yamaguchi
|
0-0: Foul Ball, location: 2F 0-1: Ball 1-1: Ball 2-1: Foul Ball, location: 2F 2-2: Foul Ball, location: 2F 2-2: Foul Ball, location: 2F 2-2: Foul Ball, location: 2F 2-2: Ball Balk! Jaime Rios to second 3-2: Strikes out swinging
|
|
Batting: RHB Chris Kulik
|
0-0: Ball 1-0: Foul Ball, location: 2F 1-1: Foul Ball, location: 2F 1-2: Ball 2-2: Ball 3-2: Foul Ball, location: 2F 3-2: Base on Balls
|
|
Batting: RHB Armando Ramirez
|
0-0: Ball 1-0: Called Strike 1-1: Ball 2-1: Foul Ball, location: 2F 2-2: Ball 3-2: Strikes out swinging
|
|
Batting: RHB Ryan Roberts
|
0-0: Fielders Choice at 2nd, 5-4 (Groundball, 56, EV 107.5 MPH)
|
| Top of the 3rd over - 0 runs, 1 hit, 0 errors, 2 left on base; Augusta 0 - Peoria 4 |
| BOTTOM OF THE 3RD |
|
Peoria Chiefs batting - Pitching for Augusta GreenJackets : RHP Carlos Solis
|
|
Batting: SHB Gerardo Macias
|
0-0: Ground out U3 (Groundball, 34, EV 98.8 MPH)
|
|
Batting: RHB Chris Norris
|
0-0: Called Strike 0-1: Swinging Strike 0-2: Ground out 5-3 (Groundball, 5, EV 93.8 MPH)
|
|
Batting: RHB Edgar Landim
|
0-0: Ground out 4-3 (Groundball, 4S, EV 70.0 MPH)
|
| Bottom of the 3rd over - 0 runs, 0 hits, 0 errors, 0 left on base; Augusta 0 - Peoria 4 |
| TOP OF THE 4TH |
|
Augusta GreenJackets batting - Pitching for Peoria Chiefs : LHP Dan Poirier
|
|
Batting: RHB Zach Maguire
|
0-0: Ball 1-0: Ground out 6-3 (Groundball, 6, EV 83.1 MPH)
|
|
Batting: RHB Tony Harper
|
0-0: Called Strike 0-1: Ball 1-1: Ball 2-1: Swinging Strike 2-2: Foul Ball, location: 2F 2-2: Ground out 5-3 (Groundball, 5, EV 86.2 MPH)
|
|
Batting: LHB Chris West
|
0-0: Ball 1-0: Ground out 4-3 (Groundball, 4MD, EV 93.8 MPH)
|
| Top of the 4th over - 0 runs, 0 hits, 0 errors, 0 left on base; Augusta 0 - Peoria 4 |
| BOTTOM OF THE 4TH |
|
Peoria Chiefs batting - Pitching for Augusta GreenJackets : RHP Carlos Solis
|
|
Batting: RHB Kyle Burns
|
0-0: Fly out, F8 (Flyball, 89S, EV 86.9 MPH)
|
|
Batting: RHB Mario Mendoza
|
0-0: SINGLE (Line Drive, 34, EV 96.9 MPH)
|
|
Batting: RHB Ben Politi
|
0-0: Called Strike 0-1: Called Strike 0-2: Ball Mario Mendoza is caught stealing 2nd base 2-4 1-2: Ball 2-2: TRIPLE (Line Drive, 89XD, EV 108.8 MPH)
|
|
Batting: SHB Hank Arias
|
0-0: Foul Ball, location: 2F 0-1: SINGLE (Groundball, 13S, EV 66.2 MPH) (infield hit) Ben Politi scores
|
|
Batting: RHB Ricky Yerzy
|
0-0: Ball Hank Arias is caught stealing 2nd base 2-4
|
| Bottom of the 4th over - 1 run, 3 hits, 0 errors, 0 left on base; Augusta 0 - Peoria 5 |
| TOP OF THE 5TH |
|
Augusta GreenJackets batting - Pitching for Peoria Chiefs : LHP Dan Poirier
|
|
Batting: RHB Harry Dickson
|
0-0: Called Strike 0-1: Swinging Strike 0-2: Ball 1-2: Ball 2-2: Ball 3-2: Strikes out looking
|
|
Batting: RHB Jaime Rios
|
0-0: Swinging Strike 0-1: Foul Ball, location: 2F 0-2: Strikes out swinging
|
|
Batting: RHB Tsugio Yamaguchi
|
0-0: Ball 1-0: Called Strike 1-1: Foul Ball, location: 2F 1-2: Fly out, F7 (Flyball, 78D, EV 101.9 MPH)
|
| Top of the 5th over - 0 runs, 0 hits, 0 errors, 0 left on base; Augusta 0 - Peoria 5 |
| BOTTOM OF THE 5TH |
|
Peoria Chiefs batting - Pitching for Augusta GreenJackets : RHP Carlos Solis
|
|
Batting: RHB Ricky Yerzy
|
0-0: Ball 1-0: Ball 2-0: Called Strike 2-1: Called Strike 2-2: Ball 3-2: Foul Ball, location: 2F 3-2: DOUBLE (Line Drive, 78XD, EV 102.5 MPH)
|
|
Pitching: RHP Mike Flynn
|
|
|
Batting: LHB Jorge Zarazua
|
0-0: Ball 1-0: Foul Ball, location: 2F 1-1: Ball 2-1: Foul Ball, location: 2F 2-2: Strikes out looking
|
|
Batting: SHB Gerardo Macias
|
0-0: Called Strike 0-1: Foul Ball, location: 2F 0-2: Foul Ball, location: 2F 0-2: SINGLE (Groundball, 25, EV 67.5 MPH) (infield hit) Ricky Yerzy to third
|
|
Batting: RHB Chris Norris
|
0-0: Ball Gerardo Macias steals 2nd, throwing error, E2 Ricky Yerzy scores Gerardo Macias to third 1-0: Called Strike 1-1: Ground out 4-3 (Groundball, 4, EV 80.6 MPH) Gerardo Macias scores
|
|
Batting: RHB Edgar Landim
|
0-0: Foul Ball, location: 2F 0-1: Swinging Strike 0-2: Fly out, F2 (Popup, 5SF, EV 80.6 MPH)
|
| Bottom of the 5th over - 2 runs, 2 hits, 1 error, 0 left on base; Augusta 0 - Peoria 7 |
| TOP OF THE 6TH |
|
Augusta GreenJackets batting - Pitching for Peoria Chiefs : LHP Dan Poirier
|
|
Batting: RHB Chris Kulik
|
0-0: Ball 1-0: Foul Ball, location: 2F 1-1: Ball 2-1: Called Strike 2-2: Strikes out swinging
|
|
Batting: RHB Armando Ramirez
|
0-0: Ball 1-0: Ground out U3 (Groundball, 3, EV 80.6 MPH)
|
|
Batting: RHB Ryan Roberts
|
0-0: SINGLE (Groundball, 6MD, EV 97.5 MPH)
|
|
Batting: RHB Zach Maguire
|
0-0: Called Strike 0-1: Ball 1-1: Called Strike 1-2: Strikes out swinging
|
| Top of the 6th over - 0 runs, 1 hit, 0 errors, 1 left on base; Augusta 0 - Peoria 7 |
| BOTTOM OF THE 6TH |
|
Peoria Chiefs batting - Pitching for Augusta GreenJackets : RHP Mike Flynn
|
|
Batting: RHB Kyle Burns
|
0-0: Ball 1-0: Ground out 3-1 (Groundball, 34S, EV 68.8 MPH)
|
|
Batting: RHB Mario Mendoza
|
0-0: Called Strike 0-1: Foul Ball, location: 2F 0-2: Strikes out swinging
|
|
Batting: RHB Ben Politi
|
0-0: Called Strike 0-1: Ball 1-1: Foul Ball, location: 2F 1-2: Ball 2-2: Foul Ball, location: 2F 2-2: Ball 3-2: Strikes out swinging
|
| Bottom of the 6th over - 0 runs, 0 hits, 0 errors, 0 left on base; Augusta 0 - Peoria 7 |
| TOP OF THE 7TH |
|
Augusta GreenJackets batting - Pitching for Peoria Chiefs : LHP Dan Poirier
|
|
Pinch Hitting: RHB Malik Sharpless
|
0-0: Called Strike 0-1: Swinging Strike 0-2: Ball 1-2: Ball 2-2: Ball 3-2: Foul Ball, location: 2F 3-2: Strikes out swinging
|
|
Batting: LHB Chris West
|
0-0: Fly out, F7 (Line Drive, 78M, EV 95.0 MPH)
|
|
Batting: RHB Harry Dickson
|
0-0: SINGLE (Line Drive, 56, EV 96.2 MPH)
|
|
Batting: RHB Jaime Rios
|
0-0: Called Strike Harry Dickson steals 2nd base (no throw) 0-1: Foul Ball, location: 2F 0-2: Ball 1-2: Ball 2-2: Foul Ball, location: 2F 2-2: Foul Ball, location: 2F 2-2: Ball 3-2: TRIPLE (Flyball, 89XD, EV 98.8 MPH) Harry Dickson scores
|
|
Pitching: RHP Eugene Stott
|
|
|
Batting: RHB Tsugio Yamaguchi
|
0-0: Ball 1-0: Called Strike 1-1: Foul Ball, location: 2F 1-2: Strikes out swinging
|
| Top of the 7th over - 1 run, 2 hits, 0 errors, 1 left on base; Augusta 1 - Peoria 7 |
| BOTTOM OF THE 7TH |
|
Peoria Chiefs batting - Pitching for Augusta GreenJackets : RHP Mike Flynn
|
|
Now in LF: Malik Sharpless
|
|
|
Batting: SHB Hank Arias
|
0-0: Ball 1-0: Fly out, F8 (Flyball, 8RXD, EV 88.1 MPH)
|
|
Batting: RHB Ricky Yerzy
|
0-0: Foul Ball, location: 2F 0-1: Ground out 1-3 (Groundball, 13S, EV 70.6 MPH)
|
|
Batting: LHB Jorge Zarazua
|
0-0: Fly out, F8 (Line Drive, 8RM, EV 101.9 MPH)
|
| Bottom of the 7th over - 0 runs, 0 hits, 0 errors, 0 left on base; Augusta 1 - Peoria 7 |
| TOP OF THE 8TH |
|
Augusta GreenJackets batting - Pitching for Peoria Chiefs : RHP Eugene Stott
|
|
Batting: RHB Chris Kulik
|
0-0: Foul Ball, location: 2F 0-1: Called Strike 0-2: Ball 1-2: Strikes out swinging
|
|
Batting: RHB Armando Ramirez
|
0-0: Foul Ball, location: 2F 0-1: Fly out, F7 (Line Drive, 7S, EV 94.4 MPH)
|
|
Batting: RHB Ryan Roberts
|
0-0: Called Strike 0-1: Swinging Strike 0-2: Strikes out swinging
|
| Top of the 8th over - 0 runs, 0 hits, 0 errors, 0 left on base; Augusta 1 - Peoria 7 |
| BOTTOM OF THE 8TH |
|
Peoria Chiefs batting - Pitching for Augusta GreenJackets : RHP Mike Flynn
|
|
Batting: SHB Gerardo Macias
|
0-0: Called Strike 0-1: Foul Ball, location: 2F 0-2: Strikes out swinging
|
|
Batting: RHB Chris Norris
|
0-0: Foul Ball, location: 2F 0-1: Swinging Strike 0-2: Foul Ball, location: 2F 0-2: Ball 1-2: Foul Ball, location: 2F 1-2: Ball 2-2: Strikes out swinging
|
|
Batting: RHB Edgar Landim
|
0-0: Called Strike 0-1: Hit by Pitch
|
|
Batting: RHB Kyle Burns
|
0-0: Ball 1-0: SINGLE (Groundball, 34D, EV 100.0 MPH) Edgar Landim to second
|
|
Batting: RHB Mario Mendoza
|
0-0: Called Strike 0-1: Called Strike 0-2: Ball 1-2: Foul Ball, location: 2F 1-2: Ground out 5-3 (Groundball, 25, EV 78.1 MPH)
|
| Bottom of the 8th over - 0 runs, 1 hit, 0 errors, 2 left on base; Augusta 1 - Peoria 7 |
| TOP OF THE 9TH |
|
Augusta GreenJackets batting - Pitching for Peoria Chiefs : RHP Eugene Stott
|
|
Batting: RHB Zach Maguire
|
0-0: Ball 1-0: Called Strike 1-1: Called Strike 1-2: Strikes out looking
|
|
Batting: RHB Malik Sharpless
|
0-0: Foul Ball, location: 2F 0-1: Ball 1-1: Ball 2-1: Called Strike 2-2: Strikes out looking
|
|
Batting: LHB Chris West
|
0-0: Foul Ball, location: 2F 0-1: Fly out, F8 (Flyball, 89M, EV 87.5 MPH)
|
| Top of the 9th over - 0 runs, 0 hits, 0 errors, 0 left on base; Augusta 1 - Peoria 7 |
|